 Dungeon Crawl Stone Soup version 0.28.0-45-g0d030f2227 (webtiles) character file.

Game seed: 16796806019661723313

308623 Fartwhistle the Warrior (level 20, -7/339 HPs)
             Began as a Demonspawn Monk on May 30, 2022.
             Was the Champion of Vehumet.
             Shot with a bolt by a naga sharpshooter (26 damage)
             ... on level 4 of the Snake Pit on May 31, 2022.
             The game lasted 04:15:34 (47224 turns).

Fartwhistle the Warrior (Demonspawn Monk)          Turns: 47224, Time: 04:15:34

Health: -7/339     AC: 25    Str: 14    XL:     20   Next: 69%
Magic:  33/34      EV: 21    Int: 17    God:    Vehumet [******]
Gold:   2889       SH: 12    Dex: 18    Spells: 4/39 levels left

rFire   + . .      SeeInvis +     - Unarmed
rCold   . . .      Faith    +   i - +3 warlock's mirror {reflect}
rNeg    + . .      Spirit   .   (armour currently unavailable)
rPois   ∞          Reflect  +   (helmet unavailable)
rElec   +          Harm     .   (cloak unavailable)
rCorr   .          Rampage  .   (gloves currently unavailable)
Will    ++...      Rnd*Tele +   (boots unavailable)
Stlth   ..........              g - amulet "Kottaecai" {Faith rElec rPois Regen+}
HPRegen 3.46/turn               u - ring of the Hare {EV+8}
MPRegen 0.24/turn               j - ring of the Shining Light {rElec Will+ Int+3}

@: berserking, statue-form, wereblooded, constricted, studying Polearms
A: slow and powerful, torment resistance 1, boosted hp, antennae 3, hooves 3,
powered by death 2, condensation shield, weakness stinger 3, dopey 1, fire
resistance 1, screaming 1, teleportitis 1
}: 1/15 runes: decaying
a: End Transformation, Renounce Religion


You were on level 4 of the Snake Pit.
You worshipped Vehumet.
Vehumet was exalted by your worship.
You were a living statue of rough stone.
You visited 6 branches of the dungeon, and saw 34 of its levels.
You visited the Abyss 2 times.
You also visited: Gauntlet, Ice Cave and Volcano.

You collected 5777 gold pieces.
You spent 2888 gold pieces at shops.

Inventory:

Missiles
 o - 16 javelins
 q - 15 boomerangs (quivered)
 C - 2 throwing nets
Armour
 i - the +3 warlock's mirror (worn) {reflect}
   (You acquired it on level 2 of the Dungeon)

   It can block and reflect piercing ranged attacks and magical attacks against
   the wielder's willpower.
 z - a +3 leather armour of resistance (melded)
 N - a +1 pair of gloves (melded)
Jewellery
 g - the amulet "Kottaecai" (around neck) {Faith rElec rPois Regen+}
   (You acquired it on level 2 of the Dungeon)

   [amulet of faith]

   It allows you to gain divine favour quickly.
   rElec:     It insulates you from electricity.
   rPois:     It protects you from poison.
   Regen:     It increases your rate of health regeneration.
 j - the ring of the Shining Light (right fist) {rElec Will+ Int+3}
   (You took it off a deep elf pyromancer on level 3 of the Elven Halls)

   [ring of willpower]

   Int:       It affects your intelligence (+3).
   rElec:     It insulates you from electricity.
   Will:      It increases your willpower.
 r - a ring of flight
 u - the ring of the Hare (left fist) {EV+8}
   (You took it off a centaur warrior on level 11 of the Dungeon)

   [ring of evasion]

   EV:        It affects your evasion (+8).
 E - a ring of positive energy
 K - a ring of protection from cold
 V - the ring of Muot {rC+ rCorr Slay+3 Stlth-}
   (You took it off a deep elf elementalist on level 3 of the Elven Halls)

   [ring of protection from cold]

   Slay:      It affects your accuracy & damage with ranged weapons and melee
   (+3).
   rC:        It protects you from cold.
   rCorr:     It protects you from acid and corrosion.
   Stlth:     It makes you less stealthy.
Wands
 a - a wand of acid (3)
 p - a wand of polymorph (18)
 x - a wand of iceblast (5)
 A - a wand of charming (7)
 H - a wand of digging (7)
 Q - a wand of flame (50)
 U - a wand of mindburst (18)
 Y - a wand of paralysis (26)
Scrolls
 c - 8 scrolls of enchant weapon
 d - a scroll of summoning
 k - 3 scrolls of teleportation
 s - a scroll of silence
 t - 7 scrolls of fog
 v - 7 scrolls of identify
 F - 7 scrolls of immolation
 G - 6 scrolls of amnesia
 I - a scroll of magic mapping
 M - 8 scrolls of vulnerability
 O - 4 scrolls of enchant armour
 Z - a scroll of holy word
Potions
 b - 10 potions of curing
 f - 2 potions of might
 h - 7 potions of flight
 m - 6 potions of magic
 w - 2 potions of cancellation
 B - 5 potions of brilliance
 J - 2 potions of heal wounds
 L - a potion of invisibility
 P - a potion of lignification
 R - 2 potions of haste
 S - 2 potions of ambrosia
Miscellaneous
 l - a phantom mirror
 n - a tin of tremorstones (1/2)
 D - a lightning rod (4/4)
 X - a box of beasts


   Skills:
 - Level 19.1 Fighting
 - Level 2.0 Throwing
 - Level 2.3 Armour
 - Level 7.0 Dodging
 - Level 1.7 Stealth
 - Level 4.0 Shields
 - Level 16.2 Unarmed Combat
 + Level 10.0 Spellcasting
 - Level 5.6 Conjurations
 - Level 12.0 Summonings
 + Level 13.7 Transmutations
 - Level 10.1 Earth Magic
 - Level 7.1 Evocations


You had 4 spell levels left.
You knew the following spells:

 Your Spells              Type           Power      Damage    Failure   Level
a - Polar Vortex          Ice            4%         N/A       100%        9
b - Spellforged Servitor  Conj/Summ      19%        N/A       50%         7
c - Summon Cactus Giant   Summ           24%        N/A       12%         6
d - Wereblood             Tmut           53%        N/A       1%          2
e - Blade Hands           Tmut           26%        N/A       1%          5
f - Statue Form           Tmut/Erth      32%        N/A       12%         6

Your spell library contained the following spells:

 Spells                   Type           Power      Damage    Failure   Level
 Lehudib's Crystal Spear  Conj/Erth      17%        10d5      99%         8
 Maxwell's Capacitive Co  Air            4%         ∞         100%        8
 Beastly Appendage        Tmut           100%       N/A       1%          1
 Sting                    Tmut/Pois      100%       1d8       1%          1
 Call Canine Familiar     Summ           49%        N/A       1%          3
 Ignite Poison            Fire/Tmut/Pois 24%        N/A       1%          3
 Spider Form              Tmut/Pois      31%        N/A       1%          3
 Animate Armour           Summ/Erth      92%        N/A       1%          4
 Petrify                  Tmut/Erth      49%        N/A       1%          4
 Conjure Flame            Conj/Fire      18%        6-21      2%          3
 Dazzling Flash           Conj/Hex       36%        N/A       2%          3
 Poisonous Vapours        Pois/Air       16%        N/A       4%          2
 Scorch                   Fire           16%        2d5       4%          2
 Mephitic Cloud           Conj/Pois/Air  14%        N/A       4%          3
 Flame Wave               Conj/Fire      18%        2d6       9%          4
 Fulminant Prism          Conj/Hex       9%         3d7       9%          4
 Hailstorm                Conj/Ice       18%        3d6       9%          4
 Iskenderun's Mystic Bla  Conj/Tloc      18%        2d6       9%          4
 Summon Lightning Spire   Summ/Air       28%        N/A       9%          4
 Pain                     Necr           32%        1d5       11%         1
 Leda's Liquefaction      Hex/Erth       12%        N/A       14%         4
 Corpse Rot               Necr/Air       16%        N/A       16%         2
 Ensorcelled Hibernation  Hex/Ice        16%        N/A       16%         2
 Sublimation of Blood     Necr           8%         N/A       16%         2
 Olgreb's Toxic Radiance  Pois           8%         N/A       26%         4
 Gell's Gravitas          Tloc           8%         N/A       32%         3
 Lesser Beckoning         Tloc           8%         N/A       32%         3
 Ozocubu's Armour         Ice            8%         N/A       32%         3
 Portal Projectile        Hex/Tloc       16%        N/A       32%         3
 Teleport Other           Tloc           8%         N/A       32%         3
 Tukima's Dance           Hex            8%         N/A       32%         3
 Anguish                  Hex/Necr       4%         N/A       71%         4
 Animate Dead             Necr           4%         N/A       71%         4
 Passage of Golubria      Tloc           8%         N/A       71%         4
 Irradiate                Conj/Tmut      20%        3d20      1%          5
 Lee's Rapid Deconstruct  Erth           21%        3d13*     1%          5
 Yara's Violent Unravell  Hex/Tmut       15%        3d8       5%          5
 Iskenderun's Battlesphe  Conj           27%        2d8       8%          5
 Iron Shot                Conj/Erth      17%        9d4       17%         6
 Eringya's Noxious Bog    Tmut/Pois      15%        N/A       24%         6
 Freezing Cloud           Conj/Ice/Air   7%         6-21      32%         5
 Borgnjor's Vile Clutch   Necr/Erth      12%        N/A       36%         5
 Starburst                Conj/Fire      9%         6d5       75%         6
 Orb of Destruction       Conj           13%        9d7       88%         7
 Agony                    Necr           8%         N/A       96%         5
 Excruciating Wounds      Necr           4%         N/A       96%         5
 Metabolic Englaciation   Hex/Ice        4%         N/A       96%         5
 Silence                  Hex/Air        4%         N/A       96%         5
 Storm Form               Tmut/Air       15%        N/A       99%         7
 Death Channel            Necr           4%         N/A       100%        6
 Dispersal                Tloc           4%         N/A       100%        6
 Simulacrum               Ice/Necr       4%         N/A       100%        6
 Disjunction              Tloc           4%         N/A       100%        8
 Necromutation            Tmut/Necr      15%        N/A       100%        8
 Death's Door             Necr           4%         N/A       100%        9


Dungeon Overview and Level Annotations

Branches:
Dungeon (15/15)            Temple (0/1) D:4            Lair (6/6) D:9
  Swamp (4/4) Lair:2        Snake (4/4) Lair:2        Slime (0/5) Lair:5
    Orc (2/2) D:10            Elf (3/3) Orc:2        Vaults (0/5) D:14
 Depths (0/4) D:15          IceCv (visited)         Volcano (visited)
Gauntlet (visited)

Altars:
Cheibriados
Elyvilon
Fedhas
Gozag
Hepliaklqana
Makhleb
Nemelex Xobeh
Qazlal
Ru
Sif Muna
Trog
Uskayaw
Vehumet
Xom
The Shining One
Beogh

Shops:
D:4 *   D:9 ![?   D:13 *   Orc:2 *[*!   Elf:3 (   Snake:1 =   Snake:3 *

Annotations:
Elf:1 2 transporters, Timpihef's ghost, adept OpAK


Innate Abilities, Weirdness & Mutations

You are a living statue of rough stone.
Your actions are slow, but your melee attacks are powerful.
You are resistant to unholy torment.
Your maximum health is greatly increased.
You are immune to poison.
Your equipment is partially melded.
You have a pair of large antennae on your head. (SInv)
You have hooves in place of feet.
You regenerate health from kills.
A meltable shield of frost defends you. (SH +4)
You have a sharp stinger which inflicts weakening toxins.
You are dopey. (Int -2)
Your flesh is heat resistant. (rF+)
You occasionally shout uncontrollably at your foes.
You are occasionally teleported next to monsters.


Message History

The splash of poison misses you. The nagaraja constricts you.
* * * LOW HITPOINT WARNING * * *
A red film seems to cover your vision as you go berserk!
You feel yourself moving faster!
You feel mighty!
The naga warrior seems to regain its courage.
You block the nagaraja's attack. The nagaraja constricts you.
* * * LOW HITPOINT WARNING * * *
The guardian serpent coils itself and waves its upper body at you.
The naga sharpshooter blinks into view!
The nagaraja closely misses you. x2
The nagaraja constricts you. The naga warrior spits poison at you.
Your +3 warlock's mirror {reflect} reflects the splash of poison!
The splash of poison hits the naga warrior.
The naga warrior completely resists.
The nagaraja hits you with a +0 whip.
* * * LOW HITPOINT WARNING * * *
You pummel the nagaraja!! You kick the nagaraja!! You tail-slap the nagaraja.
The nagaraja looks weaker.
The nagaraja is heavily wounded.
The naga sharpshooter seems to regain its courage.
You block the nagaraja's attack. The nagaraja constricts you.
The naga sharpshooter casts a spell.
The naga sharpshooter magically shoots a bolt.
The bolt hits you but does no damage.
The nagaraja hits you but does no damage.
You squash the nagaraja like an ant!!!
You feel a bit better.
You kill the nagaraja!
Vehumet accepts your kill. You block the nagaraja's attack.
The nagaraja constricts you.
* * * LOW HITPOINT WARNING * * *
Your Spellcasting skill increases to level 10!
Unknown command.
You punch the nagaraja!
The nagaraja is lightly wounded.
The nagaraja spits poison at you. The splash of poison misses you.
The splash of poison hits the naga sharpshooter.
The nagaraja constricts you.
* * * LOW HITPOINT WARNING * * *
The naga sharpshooter shoots a bolt.
The bolt hits you!!
You die...

##...## #≈.≈≈##
#.#{#.# ≈≈≈.≈≈≈.##
##{..## ≈≈≈......#
##N#.#{ ≈...≈≈≈≈.#
#....## ≈.≈≈≈≈≈≈.##
##.....##≈.≈≈≈≈≈≈..#
.#......##.≈≈≈≈≈.)≈#
.'.....≈≈#.≈≈S.N)≈≈#
.#.....≈≈#.....φ8≈≈#
.'N....≈≈#.≈≈≈...N≈#
#SNN...##.≈≈≈≈≈..≈#
#)NN..##≈.≈≈≈≈≈≈..#
#.N..## ≈.≈≈≈≈≈≈.##
###N#.# ≈...≈≈≈N.#
.##...## ≈≈≈......#
.#.#.#.# ≈≈≈.≈≈≈.##
.##...## {{≈N#


You could see a naga warrior, a nagaraja (fast, catching breath), a naga
sharpshooter and a guardian serpent.

Vanquished Creatures
  A tentacled monstrosity (Swamp:1)
  Rupert (D:15)
  3 deep elf blademasters
  2 deep elf master archers (Elf:3)
  Gastronok (Lair:1)
  2 tentacled starspawn (Abyss:2)
  2 thorn hunters (Swamp:4)
  Roxanne (Elf:1)
  2 fenstrider witches
  4 nagarajas (Snake:4)
  4 deep elf sorcerers
  3 deep elf elementalists (Elf:3)
  11 deep elf annihilators
  3 deep elf demonologists (Elf:3)
  An eleionoma (Swamp:4)
  A dire elephant (Lair:5)
  4 bunyips
  A minotaur (Gauntlet)
  An ettin (Orc:2)
  Snorg (Lair:5)
  A crystal guardian (D:11)
  9 deep elf death magi
  27 hydras
  Erolcha (Orc:2)
  A salamander tyrant (Snake:2)
  6 naga warriors
  7 catoblepae
  3 vault guards (D:14)
  11 boulder beetles
  An ogre mage (D:14)
  5 alligators
  Erica (Lair:1)
  7 centaur warriors
  5 anacondas
  40 dancing weapons
  2 ghost crabs
  13 two-headed ogres
  A death knight (D:11)
  A spriggan berserker (Swamp:4)
  4 tengu warriors
  A thrashing horror (Abyss:2)
  13 death yaks
  Urug (Lair:3)
  11 shock serpents
  3 orc high priests (Orc:2)
  7 spriggans
  6 naga sharpshooters
  A sun demon (Abyss:2)
  17 deep elf knights
  A wretched star (Abyss:2)
  The ghost of protoss039 the Skirmisher, a novice DsEE of Vehumet (D:7)
  3 salamander mystics
  6 spriggan druids
  A sixfirhy (Abyss:2)
  2 skeletal warriors
  13 deep elf archers
  2 sea snakes (Snake:4)
  5 goliath frogs
  A bog body (Swamp:2)
  12 swamp dragons
  3 lindwurms
  7 orc knights
  3 wizards
  A naga ritualist (Snake:2)
  Pikel (D:5)
  A phantasmal warrior (D:15)
  2 ugly things
  A tengu zombie (D:15)
  28 deep elf pyromancers
  A necromancer (D:15)
  23 deep elf zephyrmancers
  4 mana vipers
  6 orc sorcerers
  6 elephants (Lair:3)
  A frost giant zombie (D:15)
  15 salamanders
  10 cyclopes
  2 toenail golems (Volcano)
  4 will-o-the-wisps
  2 nameless horrors
  10 manticores
  A worldbinder (Abyss:2)
  A water nymph (shapeshifter) (Elf:1)
  A fire giant skeleton (D:15)
  7 guardian serpents
  36 black mambas
  2 ice statues (IceCv)
  A smoke demon (Abyss:2)
  A torpor snail (Lair:6)
  15 cane toads
  13 naga magi
  3 rime drakes
  A gargoyle (D:12)
  4 efreet
  5 kobold demonologists
  An unseen horror (D:11)
  A freezing wraith (D:14)
  8 komodo dragons
  An anaconda simulacrum (IceCv)
  A guardian mummy (D:14)
  A yaktaur (D:14)
  6 ice devils (IceCv)
  3 tengu conjurers
  A meliai (D:11)
  3 tyrant leeches
  7 trolls
  Prince Ribbit (D:6)
  5 slime creatures (D:15)
  9 hornets
  A raiju (shapeshifter) (D:15)
  2 raiju (Abyss:2)
  7 blink frogs
  A spriggan zombie (D:15)
  4 flying skulls (Gauntlet)
  A dire elephant simulacrum (IceCv)
  A centaur simulacrum (D:11)
  4 shadows (D:11)
  4 wraiths (D:11)
  5 wyverns
  A ynoxinul (Abyss:2)
  3 air elementals
  58 yaks
  6 water elementals
  2 fire elementals (Volcano)
  A death yak simulacrum (IceCv)
  Grum (D:11)
  7 basilisks
  4 large abominations
  2 chaos spawn (Abyss:2)
  16 vampire mosquitoes
  41 nagas
  3 wargs (Orc:1)
  3 acid dragons
  11 water moccasins
  11 swamp worms
  A floating eye (shapeshifter) (Elf:3)
  2 ice beasts
  7 swamp drakes
  A water moccasin (shapeshifter) (D:13)
  Duvessa (D:5)
  5 black bears
  26 orc warriors
  A sky beast (D:7)
  5 small abominations
  14 wolves
  6 ogres
  24 centaurs
  3 lemures
  5 kobold brigands
  6 bullfrogs
  3 gnoll sergeants
  5 two-headed ogre simulacra
  A cane toad simulacrum (IceCv)
  14 earth elementals
  4 scorpions
  A wyvern skeleton (D:7)
  Dowan (D:5)
  A hornet simulacrum (D:15)
  An elephant simulacrum (IceCv)
  8 wights (D:9)
  4 electric eels (D:12)
  A howler monkey (D:11)
  6 centaur zombies
  4 crimson imps (D:9)
  6 starcursed masses (Abyss:2)
  5 hounds
  3 bullfrog skeletons
  A bullfrog zombie (D:7)
  18 orc priests
  3 jellies
  A gnoll shaman (D:6)
  An iguana (D:6)
  Natasha (thrice) (D:2 D:1)
  10 hell rats
  26 orc wizards
  A polar bear simulacrum (IceCv)
  2 spriggan simulacra
  Terence (D:2)
  A troll simulacrum (IceCv)
  2 wolf simulacra (IceCv)
  A killer bee zombie (D:6)
  A howler monkey skeleton (D:7)
  Robin (D:2)
  A howler monkey zombie (D:5)
  4 adders
  11 gnolls
  3 naga simulacra (IceCv)
  A shadow imp (D:7)
  3 white imps (IceCv)
  4 ufetubi
  An adder skeleton (D:4)
  2 dart slugs
  64 orcs
  8 ball pythons
  8 bats
  2 endoplasms
  3 giant cockroaches
  18 goblins
  11 hobgoblins
  6 jackals
  20 kobolds
  4 quokkas
  A frilled lizard (D:1)
  5 rats
  A briar patch (Swamp:4)
  3 fire vortices (Volcano)
  A lurking horror (Abyss:2)
  A starspawn tentacle (Abyss:2)
1206 creatures vanquished.

Vanquished Creatures (collateral kills)
  A vault guard (D:13)
  3 hydras
  A dancing weapon (Elf:2)
  A deep elf zephyrmancer (Elf:2)
  2 deep elf pyromancers (Elf:2)
  A will-o-the-wisp (Swamp:2)
  A freezing wraith (IceCv)
  A hornet (Gauntlet)
  A yak (Lair:4)
  An ufetubus (IceCv)
13 creatures vanquished.

Vanquished Creatures (others)
  2 deep elf knights
  A sea snake (Snake:4)
  3 deep elf zephyrmancers
  A centaur zombie (D:11)
  A bloated husk (Swamp:1)
  A yak (D:11)
  23 foxfires
  21 fungi
  47 plants
  5 starspawn tentacles (Abyss:2)
  4 withered plants
109 creatures vanquished.

Grand Total: 1328 creatures vanquished

Notes
Turn   | Place    | Note
-------+----------+-------------------------------------------
     0 | D:1      | Fartwhistle the Demonspawn Monk began the quest for the
                  | Orb.
     0 | D:1      | Reached XP level 1. HP: 18/18 MP: 1/1
   240 | D:1      | Gained mutation: You regenerate a little health from kills.
                  | [demonic ancestry]
   240 | D:1      | Reached XP level 2. HP: 24/24 MP: 2/2
   784 | D:1      | Reached XP level 3. HP: 26/29 MP: 3/3
   989 | D:1      | You fall into a shaft and drop 1 floor!
  1001 | D:2      | Reached skill level 1 in Throwing
  1528 | D:1      | Discovered your monstrous ancestry.
  1528 | D:1      | Gained mutation: You have a small tail. [demonic ancestry]
  1528 | D:1      | Reached XP level 4. HP: 33/35 MP: 4/4
  1587 | D:2      | Noticed Robin
  1710 | D:2      | Noticed Natasha
  1729 | D:2      | Killed Natasha
  1785 | D:2      | Found a faded altar of an unknown god.
  1799 | D:2      | Noticed Natasha
  1815 | D:2      | Killed Natasha
  1994 | D:1      | Reached skill level 4 in Fighting
  1994 | D:1      | Reached XP level 5. HP: 13/42 MP: 5/5
  2222 | D:2      | Noticed Natasha
  2286 | D:1      | Killed Natasha
  2483 | D:2      | Prayed at the altar of an unknown god.
  2483 | D:2      | Became a worshipper of Vehumet
  2483 | D:2      | Reached * piety under Vehumet
  2483 | D:2      | Offered knowledge of Sandblast by Vehumet.
  2483 | D:2      | Reached ** piety under Vehumet
  2553 | D:2      | Identified 3 scrolls of acquirement
  2560 | D:2      | HP: 2/42 [goblin/stone[Robin] (3)]
  2569 | D:2      | Noticed Terence
  2927 | D:1      | Offered knowledge of Freeze by Vehumet.
  2999 | D:2      | Reached *** piety under Vehumet
  3159 | D:2      | Killed Robin
  3159 | D:2      | Offered knowledge of Ignite Poison by Vehumet.
  3222 | D:2      | Killed Terence
  3226 | D:2      | Acquired an amulet of reflection
  3234 | D:2      | Acquired the amulet "Kottaecai" {Faith rElec rPois Regen+}
  3236 | D:2      | Acquired the +3 warlock's mirror {reflect}
  3236 | D:2      | Found the +3 warlock's mirror {reflect}
  3408 | D:3      | Offered knowledge of Olgreb's Toxic Radiance by Vehumet.
  3419 | D:3      | Gained mutation: You have large cloven feet. [demonic
                  | ancestry]
  3419 | D:3      | Reached XP level 6. HP: 35/49 MP: 6/6
  3453 | D:3      | Reached skill level 1 in Shields
  4167 | D:4      | Reached **** piety under Vehumet
  4196 | D:4      | Found a burning altar of Makhleb.
  4211 | D:4      | Reached skill level 5 in Fighting
  4337 | D:4      | Offered knowledge of Hailstorm by Vehumet.
  4425 | D:4      | Reached skill level 5 in Unarmed Combat
  4435 | D:4      | Noticed an orc warrior
  4511 | D:4      | Found a staircase to the Ecumenical Temple.
  4540 | D:4      | Learned a level 4 spell: Hailstorm
  4790 | D:4      | Found a stormy altar of Qazlal.
  4985 | D:4      | Gained mutation: You regenerate health from kills. [demonic
                  | ancestry]
  4985 | D:4      | Reached XP level 7. HP: 38/56 MP: 7/7
  5352 | D:4      | Found Vute's Elemental Accessories.
  5544 | D:5      | Entered Level 5 of the Dungeon
  5544 | D:5      | Found a hazy altar of Hepliaklqana.
  5567 | D:5      | Noticed Pikel
  5664 | D:5      | Noticed Duvessa
  5664 | D:5      | Noticed Dowan
  5682 | D:5      | Killed Duvessa
  5683 | D:5      | Reached skill level 1 in Spellcasting
  5683 | D:5      | Reached skill level 1 in Conjurations
  5688 | D:5      | Killed Dowan
  5977 | D:5      | Killed Pikel
  5978 | D:5      | Reached skill level 6 in Fighting
  5978 | D:5      | Gained mutation: You have a tail ending in a sharp stinger.
                  | [demonic ancestry]
  5978 | D:5      | Reached XP level 8. HP: 64/64 MP: 9/12
  6739 | D:6      | Noticed Prince Ribbit
  6793 | D:6      | Killed Prince Ribbit
  6932 | D:6      | Gained mutation: A meltable shield of frost defends you.
                  | (SH +4) [demonic ancestry]
  6932 | D:6      | Reached XP level 9. HP: 71/71 MP: 14/14
  7725 | D:7      | Found a runed translucent gate.
  7728 | D:7      | Found a runed translucent gate.
  7728 | D:7      | Found a runed translucent gate.
  7729 | D:7      | Noticed protoss039's ghost (novice DsEE)
  7731 | D:7      | Identified the +5 chain mail of the Morning {rPois rC-
                  | Dex+4}
  7876 | D:7      | Acquired 426 gold pieces
  8143 | D:7      | Found a shimmering blue altar of Sif Muna.
  8160 | D:7      | Reached skill level 1 in Evocations
  9051 | D:8      | Reached ***** piety under Vehumet
  9073 | D:8      | Offered knowledge of Spellforged Servitor by Vehumet.
  9160 | D:8      | Gained mutation: You have a pair of small antennae on your
                  | head. [demonic ancestry]
  9160 | D:8      | Reached XP level 10. HP: 73/77 MP: 16/16
  9768 | D:8      | Found a sacrificial altar of Ru.
  9770 | D:8      | Found a snail-covered altar of Cheibriados.
 10085 | D:7      | Killed protoss039's ghost
 10207 | D:9      | Noticed a two-headed ogre
 10258 | D:9      | Found Etirusic's Antique Armour Shoppe.
 10335 | D:9      | Bought a jewelled leather armour for 140 gold pieces
 10335 | D:9      | Identified the +4 leather armour of Plasticity {+Blink rN+}
                  | (You bought it in a shop on level 9 of the Dungeon)
 10354 | D:9      | Learned a level 7 spell: Spellforged Servitor
 10375 | D:9      | Found Nokezogu's Magic Scroll Boutique.
 10393 | D:9      | Bought a scroll of teleportation for 30 gold pieces
 10393 | D:9      | Bought a scroll of teleportation for 30 gold pieces
 10393 | D:9      | Bought a scroll of identify for 20 gold pieces
 10393 | D:9      | Bought a scroll of amnesia for 35 gold pieces
 10396 | D:9      | Found a radiant altar of Vehumet.
 10407 | D:9      | Found Mejergh's Distillery.
 10419 | D:9      | Noticed a centaur warrior
 10421 | D:9      | Bought a potion of heal wounds for 60 gold pieces
 10421 | D:9      | Bought a potion of heal wounds for 60 gold pieces
 10489 | D:9      | Killed a centaur warrior
 10490 | D:9      | Reached skill level 10 in Unarmed Combat
 10548 | D:9      | Found a sparkling altar of Nemelex Xobeh.
 10752 | D:9      | Killed a two-headed ogre
 10753 | D:9      | Reached skill level 1 in Summonings
 10920 | D:9      | Noticed a two-headed ogre
 11246 | D:9      | Found a shimmering altar of Xom.
 11254 | D:9      | Reached skill level 5 in Evocations
 11316 | D:9      | Found a staircase to the Lair.
 11397 | D:9      | Killed a two-headed ogre
 11398 | D:9      | Reached skill level 5 in Conjurations
 11453 | D:10     | Entered Level 10 of the Dungeon
 11682 | D:10     | Noticed a +0 short sword
 11682 | D:10     | Noticed a +0 short sword
 11682 | D:10     | Noticed a +0 falchion
 11684 | D:10     | Noticed a +0 dagger
 11684 | D:10     | Noticed a +0 spear
 11684 | D:10     | Noticed a +0 spear
 11686 | D:10     | Noticed a +0 dagger
 11686 | D:10     | Noticed a +0 falchion
 11692 | D:10     | Found a hide-covered altar of Uskayaw.
 11808 | D:10     | Gained mutation: You have a pair of antennae on your head.
                  | [demonic ancestry]
 11808 | D:10     | Reached XP level 11. HP: 81/83 MP: 17/17
 12301 | D:10     | Found a staircase to the Orcish Mines.
 12480 | D:11     | Found a frozen archway.
 12527 | IceCv    | Entered an ice cave
 13104 | IceCv    | Offered knowledge of Conjure Ball Lightning by Vehumet.
 13181 | IceCv    | HP: 2/83 [freezing wraith (6)]
 13659 | IceCv    | Noticed a reaper
 13713 | IceCv    | Reached skill level 5 in Summonings
 13918 | D:11     | Noticed a two-headed ogre
 13930 | D:11     | Killed a two-headed ogre
 13990 | D:11     | Noticed a two-headed ogre
 14007 | D:11     | Reached skill level 1 in Armour
 14020 | D:11     | Killed a two-headed ogre
 14068 | D:11     | Noticed a two-headed ogre
 14088 | D:11     | Killed a two-headed ogre
 14097 | D:11     | Reached XP level 12. HP: 57/89 MP: 18/18
 14129 | D:11     | Identified the +6 dagger of Iconoclasm {drain, rN+ Str+3
                  | Dex+4}
 14130 | D:11     | Noticed a centaur warrior
 14143 | D:11     | Killed a centaur warrior
 14160 | D:11     | Noticed a death knight
 14161 | D:11     | Noticed a centaur warrior
 14165 | D:11     | Noticed Grum
 14177 | D:11     | Killed a centaur warrior
 14183 | D:11     | Killed a death knight
 14204 | D:11     | Killed Grum
 14291 | D:9      | Bought a potion of curing for 36 gold pieces
 14291 | D:9      | Bought a potion of lignification for 36 gold pieces
 14291 | D:9      | Bought a potion of magic for 96 gold pieces
 14434 | D:4      | Bought a lightning rod (4/4) for 300 gold pieces
 14434 | D:4      | Bought a wand of iceblast (4) for 80 gold pieces
 14554 | D:9      | Bought a scroll of teleportation for 30 gold pieces
 14554 | D:9      | Bought a scroll of identify for 20 gold pieces
 14554 | D:9      | Bought a scroll of fog for 20 gold pieces
 14554 | D:9      | Bought a scroll of enchant armour for 75 gold pieces
 14793 | D:11     | Noticed a two-headed ogre
 14800 | D:11     | Killed a two-headed ogre
 14813 | D:11     | Offered knowledge of Orb of Destruction by Vehumet.
 14953 | D:11     | Noticed a boulder beetle
 14974 | D:11     | Killed a boulder beetle
 15233 | D:11     | Noticed a two-headed ogre
 15259 | D:11     | Killed a two-headed ogre
 15284 | D:11     | Noticed a five-headed hydra
 15353 | D:11     | Killed a five-headed hydra
 15411 | D:11     | Noticed a tengu warrior
 15436 | D:11     | Killed a tengu warrior
 15437 | D:11     | Reached skill level 7 in Fighting
 15449 | D:11     | Gained mutation: You have a pair of large antennae on your
                  | head. (SInv) [demonic ancestry]
 15449 | D:11     | Reached XP level 13. HP: 47/96 MP: 20/20
 15574 | D:11     | Reached skill level 5 in Spellcasting
 15584 | D:11     | Identified the +3 hand axe "Ciexytz" {freeze, rF++ rCorr
                  | SInv}
 15761 | D:11     | Noticed a crystal guardian
 15872 | Lair:1   | Entered Level 1 of the Lair of Beasts
 15980 | Lair:1   | Noticed Erica
 15994 | Lair:1   | Killed Erica
 16200 | Lair:1   | Noticed Gastronok
 16234 | Lair:1   | Killed Gastronok
 16235 | Lair:1   | Reached skill level 5 in Dodging
 16295 | Lair:1   | You fall into a shaft and drop 1 floor!
 16304 | Lair:2   | Got Yruiracu's Disquisition on Scorching Battle Magic
 16353 | Lair:1   | Reached skill level 8 in Fighting
 16883 | Lair:2   | Found a staircase to the Snake Pit.
 17432 | Lair:2   | Found a staircase to the Swamp.
 17548 | Lair:2   | Offered knowledge of Starburst by Vehumet.
 17555 | Lair:2   | Reached ****** piety under Vehumet
 18373 | Lair:3   | Reached skill level 9 in Fighting
 18382 | Lair:3   | Learned a level 6 spell: Summon Cactus Giant
 18431 | Lair:3   | Found a gate leading to a gauntlet.
 18440 | Gauntlet | Entered a Gauntlet
 18440 | Gauntlet | Found a transporter.
 18440 | Gauntlet | Found a transporter.
 18450 | Gauntlet | Found a transporter.
 18453 | Gauntlet | Found a transporter.
 18461 | Gauntlet | Found a transporter.
 18464 | Gauntlet | Found a transporter.
 18472 | Gauntlet | Found a transporter.
 18491 | Gauntlet | Found a transporter.
 18496 | Gauntlet | Found a transporter.
 18499 | Gauntlet | Found a transporter.
 18509 | Gauntlet | Found a transporter.
 18512 | Gauntlet | Found a transporter.
 18571 | Gauntlet | Found the ring of the Octopus King
 18658 | Gauntlet | Identified the +4 quarterstaff "Tacead" {distort, Str+7}
 18714 | Gauntlet | Identified the +1 barding of Aweagg {rF- rC++ rCorr}
 18722 | Gauntlet | Identified a ring of the Octopus King {AC+1 EV+1 Str+1
                  | Int+1 Dex+1 SInv}
 18785 | Gauntlet | Identified the +11 war axe "Xebiol" {freeze, *Noise +Blink
                  | rElec rF+}
 18785 | Gauntlet | Identified the +5 plate armour "Ciyt" {Str+6}
 18785 | Gauntlet | Noticed a minotaur
 18796 | Gauntlet | Killed a minotaur
 18932 | Lair:3   | Noticed Urug
 18960 | Lair:3   | Killed Urug
 19249 | Lair:3   | Reached XP level 14. HP: 108/108 MP: 23/23
 19342 | Lair:3   | Reached skill level 10 in Summonings
 20322 | Lair:4   | Offered knowledge of Lightning Bolt by Vehumet.
 21438 | Lair:5   | Noticed Snorg
 21606 | Lair:5   | Reached skill level 10 in Fighting
 21613 | Lair:5   | Killed Snorg
 21635 | Lair:5   | Found a staircase to the Slime Pits.
 22007 | Lair:5   | Reached skill level 15 in Unarmed Combat
 22386 | Lair:6   | Entered Level 6 of the Lair of Beasts
 22592 | Lair:6   | Found an opulent altar of Gozag.
 22796 | Lair:6   | Reached skill level 11 in Fighting
 23351 | Lair:6   | Offered knowledge of Fireball by Vehumet.
 23478 | Lair:6   | Gained mutation: You have hoof-like feet. [demonic
                  | ancestry]
 23478 | Lair:6   | Reached XP level 15. HP: 95/119 MP: 24/24
 24530 | D:11     | Reached skill level 12 in Fighting
 24640 | D:11     | Identified the +3 eveningstar "Zides" {antimagic, rN+}
 24793 | D:11     | Found a stormy altar of Qazlal.
 25349 | D:12     | Learned a level 2 spell: Wereblood
 25970 | D:12     | Found a shimmering blue altar of Sif Muna.
 26357 | D:13     | Reached skill level 1 in Transmutations
 26687 | D:13     | Found Cisext's General Store.
 26695 | D:13     | Bought a scroll of blinking for 127 gold pieces
 26976 | D:13     | Offered knowledge of Eringya's Noxious Bog by Vehumet.
 27577 | D:14     | Reached skill level 5 in Transmutations
 27929 | D:14     | Reached skill level 13 in Fighting
 28231 | D:14     | Found a gate to the Vaults.
 28375 | D:15     | Entered Level 15 of the Dungeon
 28416 | D:14     | Learned a level 5 spell: Blade Hands
 28508 | D:15     | Cast into level 2 of the Abyss (necromancer)
 28516 | Abyss:2  | Noticed a tentacled starspawn
 28521 | Abyss:2  | Noticed a tentacled starspawn
 28532 | Abyss:2  | Killed a tentacled starspawn
 28541 | Abyss:2  | Killed a tentacled starspawn
 28650 | Abyss:2  | HP: 6/124 [sun demon (23)]
 28650 | Abyss:2  | HP: 1/124 [sun demon (5)]
 28929 | D:15     | Escaped the Abyss
 29114 | D:15     | Gained mutation: You have a sharp stinger which inflicts
                  | weakening toxins. [demonic ancestry]
 29114 | D:15     | Reached XP level 16. HP: 121/131 MP: 21/25
 29285 | D:15     | Noticed Rupert
 29302 | D:15     | Paralysed by Rupert for 7 turns
 29515 | Orc:1    | Entered Level 1 of the Orcish Mines
 29861 | Orc:2    | Entered Level 2 of the Orcish Mines
 30002 | Orc:2    | Found a staircase to the Elven Halls.
 30096 | Orc:1    | Offered knowledge of Lehudib's Crystal Spear by Vehumet.
 30096 | Orc:1    | Offered knowledge of Polar Vortex by Vehumet.
 30096 | Orc:1    | Offered knowledge of Maxwell's Capacitive Coupling by
                  | Vehumet.
 30140 | Orc:1    | Paralysed by an orc sorcerer for 4 turns
 30160 | Orc:2    | Noticed Erolcha
 30207 | Orc:2    | Killed Erolcha
 30327 | Orc:2    | Found a dark tunnel.
 30336 | Volcano  | Entered a volcano
 30370 | Volcano  | Reached skill level 14 in Fighting
 30898 | Orc:2    | Found Naroq's Distillery.
 30898 | Orc:2    | Found Uheippoo's General Store.
 30899 | Orc:2    | Found Ahixzuj's General Store.
 30899 | Orc:2    | Found Wyetunasho's Antique Armour Shop.
 30901 | Orc:2    | Gained mutation: You occasionally shout uncontrollably at
                  | your foes. [mutagenic glow]
 30919 | Orc:2    | Gained mutation: You frequently scream uncontrollably at
                  | your foes. [mutagenic glow]
 30936 | Orc:2    | Gained mutation: You are occasionally teleported next to
                  | monsters. [mutagenic glow]
 30947 | Orc:2    | Gained mutation: Your body sometimes deteriorates upon
                  | taking damage. [mutagenic glow]
 30957 | Orc:2    | Gained mutation: You are clumsy. (Dex -2) [mutagenic glow]
 30964 | Orc:2    | Gained mutation: You are frail. (-10% HP) [mutagenic glow]
 30971 | Orc:2    | Bought a potion of heal wounds for 70 gold pieces
 30971 | Orc:2    | Bought 2 potions of haste for 280 gold pieces
 30974 | Orc:2    | Bought a scroll of teleportation for 42 gold pieces
 30983 | Orc:2    | Gained mutation: You are partially covered in large bone
                  | plates. (SH +4) [mutagenic glow]
 30984 | Orc:2    | Bought a scroll of teleportation for 45 gold pieces
 30996 | Orc:2    | Gained mutation: Your magical capacity is low. (-10% MP)
                  | [mutagenic glow]
 31021 | Orc:2    | Gained mutation: Your spells are a little easier to cast,
                  | but a little less powerful. [mutagenic glow]
 31207 | Orc:2    | Bought a brightly glowing chain mail for 304 gold pieces
 31207 | Orc:2    | Identified the +0 chain mail of the Cooper {+Inv rPois
                  | Will+} (You bought it in a shop on level 2 of the Orcish
                  | Mines)
 31346 | D:12     | Lost mutation: You are frail. (-10% HP) [potion of
                  | mutation]
 31346 | D:12     | Lost mutation: You frequently scream uncontrollably at your
                  | foes. [potion of mutation]
 31346 | D:12     | Lost mutation: Your spells are a little easier to cast, but
                  | a little less powerful. [potion of mutation]
 31347 | D:12     | Lost mutation: Your body sometimes deteriorates upon taking
                  | damage. [potion of mutation]
 31347 | D:12     | Lost mutation: Your magical capacity is low. (-10% MP)
                  | [potion of mutation]
 31347 | D:12     | Lost mutation: You are partially covered in large bone
                  | plates. (SH +4) [potion of mutation]
 31347 | D:12     | Gained mutation: You are strong-willed. (Will+) [potion of
                  | mutation]
 31347 | D:12     | Gained mutation: Your magical capacity is low. (-10% MP)
                  | [potion of mutation]
 31347 | D:12     | Gained mutation: Your flesh is cold resistant. (rC+)
                  | [potion of mutation]
 31348 | D:12     | Lost mutation: Your magical capacity is low. (-10% MP)
                  | [potion of mutation]
 31348 | D:12     | Lost mutation: Your flesh is cold resistant. (rC+) [potion
                  | of mutation]
 31348 | D:12     | Lost mutation: You are strong-willed. (Will+) [potion of
                  | mutation]
 31348 | D:12     | Gained mutation: Your spells are a little easier to cast,
                  | but a little less powerful. [potion of mutation]
 31348 | D:12     | Gained mutation: You have hooves in place of feet. [potion
                  | of mutation]
 31349 | D:12     | Lost mutation: You have hooves in place of feet. [potion of
                  | mutation]
 31349 | D:12     | Lost mutation: Your spells are a little easier to cast, but
                  | a little less powerful. [potion of mutation]
 31349 | D:12     | Gained mutation: You are dopey. (Int -2) [potion of
                  | mutation]
 31349 | D:12     | Gained mutation: You are robust. (+10% HP) [potion of
                  | mutation]
 31442 | D:14     | Learned a level 9 spell: Polar Vortex
 31627 | Snake:1  | Entered Level 1 of the Snake Pit
 32074 | Snake:1  | Found Hethanki's Jewellery Shop.
 32950 | Snake:2  | Identified the +1 plate armour of a Labyrinth {Fly rF+}
 33650 | Snake:2  | Found a blossoming altar of Fedhas.
 33784 | Snake:2  | Reached skill level 15 in Fighting
 34259 | Snake:3  | Found Wicy's Assorted Antiques.
 35037 | Snake:4  | Entered Level 4 of the Snake Pit
 35312 | Snake:4  | Reached XP level 17. HP: 127/156 MP: 25/27
 35689 | Swamp:1  | Entered Level 1 of the Swamp
 35807 | Swamp:1  | Lost mutation: You are robust. (+10% HP) [potion of
                  | mutation]
 35807 | Swamp:1  | Lost mutation: You are clumsy. (Dex -2) [potion of
                  | mutation]
 35807 | Swamp:1  | Gained mutation: Your flesh is heat resistant. (rF+)
                  | [potion of mutation]
 35924 | Swamp:1  | Noticed a tentacled monstrosity
 35929 | Swamp:1  | Killed a tentacled monstrosity
 36131 | Swamp:1  | Reached skill level 16 in Fighting
 36131 | Swamp:1  | You fall into a shaft and drop 1 floor!
 36433 | Swamp:2  | Reached skill level 10 in Transmutations
 37669 | Swamp:3  | Reached skill level 17 in Fighting
 37885 | Swamp:4  | Entered Level 4 of the Swamp
 38866 | Swamp:3  | Reached skill level 18 in Fighting
 39784 | Swamp:4  | Got a decaying rune of Zot
 40357 | D:15     | Killed Rupert
 40488 | D:15     | Found a staircase to the Depths.
 40494 | D:15     | Reached XP level 18. HP: 140/159 MP: 24/28
 40496 | D:15     | Identified the +0 scale mail of Okawaru's Whim {Rampage
                  | rCorr Slay+2}
 40546 | D:15     | Reached skill level 19 in Fighting
 40922 | Elf:1    | Entered Level 1 of the Elven Halls
 40957 | Elf:1    | Noticed Roxanne
 41033 | Orc:2    | Bought a spiked plate armour for 896 gold pieces
 41033 | Orc:2    | Identified the +7 plate armour "Sul Sefi" {rF+ rC+ Str+2}
                  | (You bought it in a shop on level 2 of the Orcish Mines)
 41082 | Orc:2    | Bought a potion of brilliance for 56 gold pieces
 41173 | Elf:1    | Killed Roxanne
 41619 | Elf:1    | You fall into a shaft and drop 1 floor!
 41634 | Elf:2    | Found a runed translucent gate.
 41634 | Elf:2    | Found a runed translucent gate.
 41634 | Elf:2    | Found a runed translucent gate.
 42328 | Elf:2    | Learned a level 6 spell: Statue Form
 42571 | Elf:2    | Reached skill level 1 in Earth Magic
 43145 | Elf:1    | Reached skill level 5 in Earth Magic
 43417 | Elf:1    | Found a transporter.
 43419 | Elf:1    | Found a bloodstained altar of Trog.
 43428 | Elf:1    | Found a transporter.
 43429 | Elf:1    | Noticed Timpihef's ghost (adept OpAK)
 43627 | Elf:2    | Cast into level 2 of the Abyss (+1 war axe of distortion)
 43685 | Abyss:2  | Found a corrupted altar of Lugonu.
 43850 | Abyss:2  | Found a corrupted altar of Lugonu.
 43872 | Elf:2    | Escaped the Abyss
 44063 | Elf:2    | Acquired 798 gold pieces
 44272 | Elf:2    | Paralysed by an air elemental for 1 turns
 44467 | Elf:3    | Entered Level 3 of the Elven Halls
 44524 | Elf:3    | Gained mutation: You have hooves in place of feet. [demonic
                  | ancestry]
 44524 | Elf:3    | Reached XP level 19. HP: 164/166 MP: 32/32
 44686 | Elf:3    | Identified the +1 dagger of the Saviour {venom, Int+3}
 44782 | Elf:3    | Identified the ring of the Shining Light {rElec Will+
                  | Int+3}
 44992 | Elf:3    | Found Siyr's Antique Weapon Emporium.
 45294 | Elf:3    | Identified the ring of Naessao {rPois rCorr Str-2 Slay+6
                  | SInv}
 45372 | Elf:3    | Identified the ring of Muot {rC+ rCorr Slay+3 Stlth-}
 45917 | Elf:3    | Found the +1 cloak of Starlight {*Dazzle EV+4 Stlth--}
 46182 | Elf:3    | Got the Papyrus of Shifting Poisoning
 46313 | Elf:3    | Got the Volume of Stolen Souls
 46316 | Elf:3    | Identified the +3 ring mail of Failure {rElec rCorr}
 46938 | Snake:4  | Reached skill level 10 in Earth Magic
 46938 | Snake:4  | Reached XP level 20. HP: 174/174 MP: 33/33
 47214 | Snake:4  | HP: 11/226 [naga sharpshooter/arrow (11)]
 47221 | Snake:4  | HP: 14/339 [nagaraja/+0 whip (6)]
 47224 | Snake:4  | Reached skill level 10 in Spellcasting
 47224 | Snake:4  | Shot with a bolt by a naga sharpshooter

Illustrated notes

Levels and vault maps discovered:
D:1:      psy_arrival_basics, layout_loops_ring, chequers_serial_rivers_marsh,
          minmay_heptomino_l4
D:2:      layout_rooms, ebering_ecumenical_altar_petrified, uniq_robin,
          uniq_terence, uniq_natasha
D:3:      layout_basic
D:4:      layout_layer_cave, mainiacjoe_overflow_alcove_4,
          makhleb_heckhound_becter, minmay_temple_entry_mist,
          nicolae_elemental_shop
D:5:      cheibrodos_iron_armory, layout_loops_corners, amcnicky_altar_gilded,
          uniq_pikel, uniq_duvessa
D:6:      layout_basic, lemuel_tele_altar, minmay_misc_feat_pillars,
          uniq_prince_ribbit1
D:7:      layout_basic, mainiacjoe_overflow_small_starburst,
          nicolae_elyvilon_peaceful_grove, biasface_ghost_orc_armoury, hex_tiny,
          minmay_liquid_box
D:8:      layout_basic, grunt_temple_overflow_open
D:9:      layout_loops_ring, nicolae_overflow_hidden_temple, led_xom_imps,
          nicolae_vehumet_altar_sigil, lair_entry_dummy, serial_shops,
          nicolae_stop_n_shop_2, shop_scrolls, shop, minmay_misc_feat_room
D:10:     layout_irregular_city, nicolae_uskayaw_en_pointe, hiddenorc1_lemuel,
          nicolae_lava_and_water
D:11:     minmay_the_grid_square_5x5_5x5_mashed
          [minmay_the_grid_square_5x5_eight, minmay_the_grid_square_5x5_tie,
          minmay_the_grid_square_5x5_shrine1,
          minmay_the_grid_square_5x5_trominoes,
          minmay_the_grid_square_5x5_checkered,
          minmay_the_grid_square_5x5_empty,
          minmay_the_grid_square_5x5_prize_monsterx,
          minmay_the_grid_square_5x5_dogpile,
          minmay_the_grid_square_5x5_prize_junk,
          minmay_the_grid_square_5x5_beaten_path, minmay_the_grid_square_5x5_v,
          minmay_the_grid_square_5x5_half_checkered,
          minmay_the_grid_square_5x5_prize_deathbox,
          minmay_the_grid_square_5x5_inner_z, minmay_the_grid_square_5x5_z,
          minmay_the_grid_square_5x5_bracketed,
          minmay_the_grid_square_5x5_prize_itemx,
          minmay_the_grid_square_5x5_almost_minimal,
          minmay_the_grid_square_5x5_prize_waves,
          minmay_the_grid_square_5x5_forky, minmay_the_grid_square_5x5_n_small,
          minmay_the_grid_square_5x5_eight_small,
          minmay_the_grid_square_5x5_checkered_sparse,
          minmay_the_grid_square_5x5_mess,
          minmay_the_grid_square_5x5_doubleslash], layout_loops_ring,
          portal_ice_cave_entry_ice_simulacra, uniq_grum
D:12:     layout_loops_ring, chequers_big_river, amethyst_killhole,
          lemuel_blue_sif_altar
D:13:     layout_long_grid, serial_shops, shop, hangedman_cracks_in_the_wall
D:14:     layout_small_grid, grunt_vaults_entry_fortified,
          hangedman_abyss_or_decor_clamps
D:15:     gammafunk_depths_entry_grave, layout_gridville, uniq_rupert
Lair:1:   layout_cave_pods, infiniplex_staircase_pool, uniq_gastronok,
          uniq_erica
Lair:2:   layout_layer_cave, minmay_swamp_entry_swarm,
          guppyfry_snake_entry_island, serial_bayou_shore_b
Lair:3:   layout_chaotic_city, gauntlet_entry_generic, uniq_urug
Lair:4:   layout_cave_pods, grunt_megastairs_5, infiniplex_staircase_pool_2,
          serial_bayou_shore_b
Lair:5:   layout_misc_corridors, slime_dummy, chequers_serial_rivers_small_3,
          uniq_snorg
Lair:6:   evilmike_catoblepas_cave, layout_cellular_growth, basic_altar
Swamp:1:  cheibrodos_swamp_monstrosity, layout_basic_swamp, serial_swamp_ruin,
          evilmike_swamp_ruin_house_1, evilmike_swamp_ruin_house_2, swamp_pool1
Swamp:2:  layout_basic_swamp, evilmike_swamp_ruin_wall
Swamp:3:  layout_basic_swamp, evilmike_swamp_ruin_house_3, swamp_pool3,
          nicolae_swamp_stuck_in_the_mud
Swamp:4:  swamp, layout_basic_swamp
Snake:1:  layout_layer_cave, serial_shops, shop
Snake:2:  layout_chambers, basic_altar, grunt_megastairs_3
Snake:3:  layout_rooms, nicolae_stop_n_shop_2, nicolae_snake_squiggles
Snake:4:  grunt_snake_rune_pools, layout_rooms, hangedman_snake_corridor_cut
Orc:1:    layout_diamond_mine, serial_shops, shop, nicolae_orc_lava_tube
Orc:2:    st_orc_elflike, layout_caves, nicolae_volcano_entry_lava_flow,
          uniq_erolcha
Elf:1:    layout_loops_cross, gammafunk_ghost_wrathful_warriors,
          evilmike_minifort, uniq_roxanne
Elf:2:    elven_hall_of_blades_hangedman_original [nicolae_blade_little_rooms],
          layout_geoelf_diagonals, drop_trap, minmay_strange_pillars,
          elves_outpost_lemuel
Elf:3:    grunt_elf_hall_branching, layout_geoelf_grid, serial_shops,
          nicolae_shop_advertising_works [nicolae_subvault_shop_adworks],
          item_on_display_a

Skill      XL: |  1  2  3  4  5  6  7  8  9 10 11 12 13 14 15 16 17 18 19 20 |
---------------+-------------------------------------------------------------+-----
Unarmed Combat | 3 4 5 6 7 9 10 11 13 14 15 16 | 16.2
Throwing       | 1 2 |  2.0
Fighting       | 4 5 6 7 9 11 13 15 18 19 | 19.1
Shields        | 2 3 4 |  4.0
Spellcasting   | 3 4 6 7 9 10 | 10.0
Conjurations   | 2 3 4 5 |  5.6
Evocations     | 2 5 7 |  7.1
Dodging        | 4 6 7 |  7.0
Summonings     | 2 6 9 12 | 12.0
Armour         | 2 |  2.3
Transmutations | 5 9 10 12 13 | 13.7
Earth Magic    | 6 10 | 10.1
Stealth        | |  1.7

Action                   |  1- 3 |  4- 6 |  7- 9 | 10-12 | 13-15 | 16-18 | 19-21 || total
-------------------------+-------+-------+-------+-------+-------+-------+-------++-------
Melee: Unarmed           |   113 |   182 |   260 |   763 |  1812 |  1512 |   297 ||  4939
       Punch             |     3 |     4 |       |       |       |    80 |       ||    87
       Tailslap          |       |    26 |    51 |   132 |   450 |   323 |    67 ||  1049
       Kick              |       |    17 |    90 |   150 |       |       |   125 ||   382
Throw: Dart              |     1 |     8 |     7 |    24 |    43 |     1 |       ||    84
       Boomerang         |       |    10 |    22 |    39 |    28 |    46 |     1 ||   146
       Javelin           |       |       |       |     1 |       |       |       ||     1
 Cast: Hailstorm         |       |       |     1 |       |       |       |       ||     1
       Summon Cactus Gia |       |       |       |       |     2 |     6 |       ||     8
       Wereblood         |       |       |       |       |     3 |    24 |     2 ||    29
       Blade Hands       |       |       |       |       |       |    93 |     1 ||    94
       Statue Form       |       |       |       |       |       |       |    26 ||    26
 Abil: End Transformatio |       |       |       |       |       |     4 |       ||     4
Evoke: Wand              |       |       |       |    25 |    10 |    27 |     4 ||    66
       Lightning rod     |       |       |       |     5 |     3 |     1 |       ||     9
       Box of beasts     |       |       |       |       |       |     2 |       ||     2
       Tin of tremorston |       |       |       |       |       |       |     1 ||     1
  Use: Scroll            |       |    11 |     6 |    14 |     9 |    23 |     5 ||    68
       Potion            |       |     1 |       |     6 |     6 |    25 |     4 ||    42
 Stab: Invisible         |       |     2 |       |       |       |       |       ||     2
       Sleeping          |       |       |     5 |     3 |     9 |     4 |       ||    21
       Distracted        |       |       |       |       |     3 |     1 |       ||     4
       Paralysed         |       |       |       |       |     9 |     1 |       ||    10
       Petrified         |       |       |       |       |     2 |       |       ||     2
Armor: Robe              |    17 |    44 |    37 |     1 |       |       |       ||    99
       Leather armour    |       |       |       |   105 |   159 |   248 |     3 ||   515
       Skin              |       |       |       |    40 |     3 |    13 |    99 ||   155
Dodge: Dodged            |    78 |   117 |    86 |   228 |   911 |  1107 |   317 ||  2844
Block: Buckler           |       |    22 |    84 |   412 |   888 |   597 |   247 ||  2250
       Reflection        |       |       |     2 |    24 |    68 |    77 |    54 ||   225
       Other             |       |       |       |       |       |    81 |       ||    81
